 Dungeon Crawl Stone Soup version 0.19.4-8-ga85b6b9 (webtiles) character file.

112 dngmouse the Ruffian (level 4, 0/35 HPs)
             Began as a Minotaur Transmuter on Feb 11, 2017.
             Succumbed to an adder's poison
             ... on level 2 of the Dungeon.
             The game lasted 00:07:43 (2343 turns).

dngmouse the Ruffian (Minotaur Transmuter)          Turns: 2343, Time: 00:07:43

Health: 0/35       AC:  1    Str: 14    XL:     4   Next: 64%
Magic:  5/5        EV: 12    Int: 14    God:
Gold:   81         SH:  0    Dex: 12    Spells: 1 memorised, 4 levels left

rFire  . . .     SeeInvis .       - Unarmed
rCold  . . .     Gourm    .     b - +0 robe
rNeg   . . .     Faith    .     (no shield)
rPois  .         Spirit   .     (helmet restricted)
rElec  .         Reflect  .     (no cloak)
rCorr  .         Harm     .     (no gloves)
MR     .....                    (no boots)
Stlth  +.........               (no amulet)
                                (no ring)
                                (no ring)

@: lethally poisoned (0 -> -2)
A: retaliatory headbutt, horns 2, clever 2, deformed body
a: no special abilities


You were on level 2 of the Dungeon.
You were near starving.

You visited 1 branch of the dungeon, and saw 2 of its levels.

You collected 81 gold pieces.

Inventory:

Missiles
 a - 92 arrows
Armour
 b - a +0 robe (worn)
Scrolls
 f - a scroll of identify
Books
 c - a book of Changes

   Spells                             Type                      Level
   a - Beastly Appendage              Transmutation                1
   b - Sticks to Snakes               Transmutation                2
   c - Spider Form                    Transmutation/Poison         3
   d - Ice Form                       Ice/Transmutation            4
   e - Blade Hands                    Transmutation                5
Comestibles
 d - 3 bread rations
 j - 3 fruits


   Skills:
 - Level 1.2 Fighting
 - Level 2.1 Dodging
 * Level 5.2 Unarmed Combat
 - Level 1.3 Spellcasting
 + Level 2.6 Transmutations


You had 4 spell levels left.
You knew the following spells:

 Your Spells              Type           Power        Failure   Level  Hunger
a - Beastly Appendage     Tmut           #.....       10%         1    ##.....


Dungeon Overview and Level Annotations

Branches:
Dungeon (2/15)

Altars:
Dithmenos

Annotations:
D:2 Ijyb, Sigmund


Innate Abilities, Weirdness & Mutations

You reflexively headbutt those who attack you in melee.
You have a pair of horns on your head.
Your mind is very acute. (Int +4)
Armour fits poorly on your strangely shaped body.


Message History

You feel sick. The adder closely misses you. You furiously retaliate!
You headbutt the adder!
You kill the adder!
As you read the scroll of teleportation, it crumbles to dust.
You feel strangely unstable. The jackal completely misses you.
You furiously retaliate!
You headbutt the jackal.
You kill the jackal!
* * * LOW HITPOINT WARNING * * *
You feel sick.
Your surroundings suddenly seem different.
* * * LOW HITPOINT WARNING * * *
You feel sick.
You aren't carrying any potions.
Okay, then.
A ball python comes into view.
Your talons disappear.
The ball python hisses angrily.
* * * LOW HITPOINT WARNING * * *
You feel sick.
You die...

####..#.####### .#
.....##.#
#######....
#######.#
#.......#.# ###
#.###.......#.#
..#####..##.........
......##..)........
#.#......>........#
#.###.#####.......#
#.###.#.........@.#
.........##.......#
#######..##.......#
8.8.8.8...#.####.##
............# #.#
.....))..#..# #.S.#
......)..#..##
###..#
.........#...# #...
.........#.#.## #..#


You could see a ball python.

Vanquished Creatures
  Jessica (D:2)
  2 adders (D:2)
  An ooze (D:2)
  A worm (D:2)
  4 dart slugs
  A leopard gecko (D:2)
  6 bats
  3 giant cockroaches
  12 goblins
  6 hobgoblins
  3 jackals
  A frilled lizard (D:1)
  4 kobolds (D:1)
  3 rats (D:1)
48 creatures vanquished.

Notes
Turn   | Place    | Note
-------+----------+-------------------------------------------
     0 | D:1      | dngmouse the Minotaur Transmuter began the quest for the Orb.
     0 | D:1      | Reached XP level 1. HP: 16/16 MP: 1/1
   188 | D:1      | Reached XP level 2. HP: 12/23 MP: 0/3
   866 | D:1      | Reached skill level 4 in Unarmed Combat
  1263 | D:1      | Reached XP level 3. HP: 28/28 MP: 1/4
  1467 | D:2      | Gained mutation: Your mind is acute. (Int +2) [potion of mutation]
  1467 | D:2      | Gained mutation: Your mind is very acute. (Int +4) [potion of mutation]
  1467 | D:2      | Gained mutation: Armour fits poorly on your strangely shaped body. [potion of mutation]
  1889 | D:2      | Noticed Sigmund
  2166 | D:2      | Noticed Jessica
  2176 | D:2      | Killed Jessica
  2176 | D:2      | Reached skill level 5 in Unarmed Combat
  2176 | D:2      | Reached XP level 4. HP: 31/35 MP: 3/5
  2250 | D:2      | Found a shadowy altar of Dithmenos.
  2319 | D:2      | Noticed Ijyb
  2340 | D:2      | HP: 1/35 [poisoned by an adder]
  2343 | D:2      | Succumbed to an adder's poison

Skill      XL: |  1  2  3 |
---------------+----------+-----
Unarmed Combat | 4 5 |  5.2
Transmutations | 2 |  2.6
Fighting       | |  1.2
Dodging        | |  2.1
Spellcasting   | |  1.3

Action                   |  1- 3 |  4- 6 || total
-------------------------+-------+-------++-------
Melee: Unarmed           |    95 |    24 ||   119
       Headbutt          |    12 |       ||    12
       Kick              |    15 |     7 ||    22
       Punch             |     1 |     1 ||     2
Throw: Tomahawk          |     4 |       ||     4
       Javelin           |     3 |       ||     3
 Cast: Beastly Appendage |    22 |     2 ||    24
  Use: Potion            |     3 |       ||     3
       Scroll            |     2 |     1 ||     3
 Stab: Invisible         |     2 |       ||     2
  Eat: Chunk             |     4 |       ||     4
Armor: Robe              |    12 |     3 ||    15
       Skin              |     3 |       ||     3
Dodge: Dodged            |    58 |    12 ||    70
